[Event "26th Womens ECCC 2022"]
[Site "Mayrhofen"]
[Date "2022.10.05"]
[Round "3.15"]
[White "Drljevic, Ljilja"]
[Black "Wagner, Dinara"]
[Result "0-1"]
[ECO "B20"]
[WhiteElo "2172"]
[BlackElo "2390"]
[Annotator "TA"]
[PlyCount "64"]
[EventDate "2022.10.03"]
[EventType "team-tourn"]
[EventCountry "AUT"]
[SourceTitle "playchess.com"]
[Source "ChessBase"]
[SourceQuality "1"]
[TimeControl "40/5400+30:1800+30"]

1. e4 c5 2. d3 Nc6 3. g3 Nf6 4. Bg2 d5 5. Nd2 g6 6. Ne2 {[%emt 0:03:19][%cal Bg1e2,Be2c3,Bc3e4,Be4g5][%mdl 32] B20: Sicilian: Unusual White 2nd moves.} Bg7 7. O-O O-O 8. h3 {[%emt 0:04:09] Black has an edge.} e5 9. exd5 Nxd5 10. Nc3 Nde7 {[%emt 0:13:37] [#]} 11. Nc4 $146 ({Predecessor:} 11. Nde4 b6 12. f4 f5 13. Nf2 Bb7 14. Re1 Qd7 15. Ne2 Rae8 16. c3 Kh8 17. a3 {½-½ (26) Ramo Frontinan,C (2375)-Ricardi,P (2527) Aragon 1999}) 11... Be6 12. Re1 Qd7 13. Ne4 b6 14. Ng5 Bd5 15. Nf3 f6 16. Be3 {[%emt 0:07:23] Black continues to play with concentration.} Rad8 17. Qe2 Nf5 18. a4 ({Better is} 18. c3) 18... Rfe8 {[%emt 0:05:08] Black is more active.} 19. Qf1 (19. c3 $17) 19... Nb4 $19 20. Na3 Qxa4 21. c4 (21. g4 {is a better defense.} Nxe3 22. Rxe3) 21... Bf7 22. Nb5 Qc2 23. Ra3 $2 {[%emt 0:05:17] [#]} (23. g4 Nxe3 24. Rxe3) 23... Rxd3 24. Rc1 Nxe3 25. fxe3 Qxb2 26. Rb1 Qxa3 ({Avoid the trap} 26... Qc2 $2 27. Rc1 Qb2 28. Rxd3 Nxd3 29. Rb1 $19) 27. Nxa3 Rxa3 28. Nd2 f5 {[%emt 0:02:30][%cal Bf6f5,Bf5f4][%mdl 32] Prevents Ne4.} 29. e4 Bh6 30. Nb3 f4 {[%emt 0:00:40] Black is clearly winning.} 31. Qc1 Ra2 32. Ra1 {[%emt 0:00:32] [#]} Rxg2+ $1 {[%emt 0:00:20] Weighted Error Value: White=0.62/Black=0.11 (very precise)} 0-1

[Event "26th Womens ECCC 2022"]
[Site "Mayrhofen"]
[Date "2022.10.05"]
[Round "3.16"]
[White "Trippold, Denise"]
[Black "Djukic, Sandra"]
[Result "1/2-1/2"]
[ECO "D28"]
[WhiteElo "2146"]
[BlackElo "2138"]
[Annotator "TA"]
[PlyCount "71"]
[EventDate "2022.10.03"]
[EventType "team-tourn"]
[EventCountry "AUT"]
[SourceTitle "playchess.com"]
[Source "ChessBase"]
[SourceQuality "1"]
[TimeControl "40/5400+30:1800+30"]

1. Nf3 Nf6 2. c4 e6 3. d4 d5 4. e3 dxc4 5. Bxc4 a6 6. O-O c5 7. Qe2 Nc6 8. Rd1 Qc7 {[%emt 0:13:03] D28: Queen's Gambit Accepted: Classical main line: 7 Qe2 with early ...Nc6.} 9. a3 b5 10. Ba2 Bb7 11. Nc3 Be7 12. dxc5 Bxc5 13. b4 Bd6 14. Bb2 Rd8 15. Rac1 Qb8 {[%emt 0:00:20] [#]} 16. Bb1 $146 ({Predecessor:} 16. h3 O-O 17. Ng5 Ne5 18. Rd4 h6 19. Nge4 Nxe4 20. Nxe4 Bxe4 21. Rxe4 Nd3 22. Rf1 Nxb2 23. Qxb2 {0-1 (39) Jakubowski,K (2511)-Dragnev,V (2508) Czech Republic 2018}) 16... Ne7 17. h3 O-O 18. Ng5 {[%emt 0:08:25][%cal Oc3b5] With the idea Nxb5!} Ng6 19. Nce4 Nxe4 20. Nxe4 Bh2+ 21. Kh1 Be5 (21... Bxe4 $5 22. Bxe4 Be5 $11) 22. Nc5 {[%emt 0:05:22] Hoping for Bxg6.} Bd5 23. Be4 ({But not} 23. Nxa6 $6 {[#]} Bxg2+ $1 24. Kxg2 Qa8+ 25. f3 (25. Kg1 Bxb2 26. Qxb2 Nh4 $11) 25... Bxb2 $11) ({White should try} 23. Bxe5 $16 Qxe5 24. Bd3) 23... Bxe4 $11 24. Nxe4 Bxb2 (24... h6 {feels hotter.} 25. Nc5 Bxb2 26. Qxb2 Rxd1+ 27. Rxd1 Rd8) 25. Qxb2 Ne5 {[%emt 0:00:07] [#] And now ...Nd3 would win.} 26. Qc3 {[%emt 0:02:07] Against Nd3} Rc8 27. Nc5 h6 28. Qb3 {[%emt 0:03:00] White is much more active.} (28. Qa1 $16) 28... Rfd8 (28... Qa8 $14) 29. Rxd8+ Rxd8 30. Rd1 {[%emt 0:00:07] Against Rd2} (30. Nxa6 $16 Qa7 31. Nc5) 30... Nc4 31. Nxa6 Rxd1+ 32. Qxd1 Qa8 (32... Qc8 $11 33. Nc5 Nxa3) 33. Nc7 ({Better is} 33. Nc5 $16) 33... Qxa3 {[%emt 0:00:08] The position is equal.} 34. Nxb5 Qxb4 35. Qd8+ Kh7 {[%emt 0:00:13] Threatens to win with ...Qb1+.} 36. Qd3+ {[%emt 0:00:05] Weighted Error Value: White=0.19 (very precise) /Black=0.18 (very precise)} 1/2-1/2

[Event "26th Womens ECCC 2022"]
[Site "Mayrhofen"]
[Date "2022.10.05"]
[Round "3.17"]
[White "Sukandar, Irine Kharisma"]
[Black "Enkhtuul, Altan-Ulzii"]
[Result "1-0"]
[ECO "A73"]
[WhiteElo "2401"]
[BlackElo "2295"]
[Annotator "TA"]
[PlyCount "87"]
[EventDate "2022.10.03"]
[EventType "team-tourn"]
[EventCountry "AUT"]
[SourceTitle "playchess.com"]
[Source "ChessBase"]
[SourceQuality "1"]
[TimeControl "40/5400+30:1800+30"]

1. d4 c5 2. d5 Nf6 3. c4 e6 4. Nc3 exd5 5. cxd5 d6 6. e4 g6 7. Nf3 Bg7 8. Be2 O-O 9. O-O Bg4 10. Nd2 Bxe2 11. Qxe2 Re8 12. f3 a6 13. a4 Nbd7 {[%emt 0:01:58] A73: Modern Benoni: Classical: Unusual Black 9th moves.} 14. Nc4 Nb6 15. Ne3 Nh5 {[%emt 0:05:28][%cal Of7f5] The position is equal.} 16. g3 {[%emt 0:05:49] [#]} Bd4 $146 ({Predecessor:} 16... Qe7 17. a5 Nd7 18. Nc4 f5 19. Be3 Bxc3 20. bxc3 fxe4 21. f4 Ndf6 22. Rfd1 Rad8 {½-½ (41) Reuter,P-Mortensen,H (2270) Lyngby 1991}) 17. Kh1 Qd7 18. a5 Nc8 19. Bd2 Rb8 20. Rae1 b5 21. Ncd1 b4 22. Nc4 ({Don't blunder} 22. Qxa6 $2 {[#]} Nxg3+ $1 23. Kg2 (23. hxg3 {is a self mate.} Qh3+ 24. Kg1 Qxg3+ 25. Kh1 Re5) 23... Nxf1 24. Qxf1 f5 25. exf5 Ne7 26. fxg6 Nxg6 $19) 22... f5 (22... Na7 $14) 23. Qg2 (23. g4 $142 Ng7 24. Bf4) 23... Ng7 (23... Nf6 $142) 24. Nf2 Na7 25. Nd3 Nb5 26. g4 fxe4 27. fxe4 Rf8 28. Bf4 Rbd8 29. h3 Qb7 (29... Rf6 $16) 30. Bg3 $18 Qe7 (30... Bf6 {was called for.} 31. e5 dxe5) 31. e5 Rxf1+ 32. Rxf1 {[%emt 0:00:15] Strongly threatening exd6.} dxe5 33. Bxe5 ({White should try} 33. Ncxe5 $18 {Threatens to win with Nc6.} Bxe5 34. Nxe5 (34. Bxe5 Ne8 $16)) 33... Bxe5 (33... Ne8 $16) 34. Ndxe5 ({White should play} 34. Ncxe5 $18 {aiming for Nc6.} Rf8 35. Rxf8+ Qxf8 36. Nd7) 34... Rf8 $16 35. Rxf8+ Qxf8 36. d6 Ne6 37. d7 {[%emt 0:01:19] White is more active.} Qf4 38. Qf3 (38. Qd2 $16 {White threatens Qxf4 and mate.} Qf1+ 39. Kh2) 38... Qc1+ {[%emt 0:01:03][%mdl 8192] [#]} (38... Qxf3+ $11 39. Nxf3 Kf8) 39. Kh2 (39. Kg2 $142 Nd6 40. Qd5 Qc2+ 41. Kf3 Qd1+ 42. Qxd1 Nb7 43. Qd5 Nbd8 44. Nc6) 39... Qc2+ 40. Kg3 {[%emt 0:00:38] White mates.} Nd8 41. Qf6 Qc1 42. Qxd8+ Kg7 43. Qe7+ Kh6 44. Qf8+ {[%emt 0:00:00] Weighted Error Value: White=0.16 (very precise) /Black=0.33} 1-0

[Event "26th Womens ECCC 2022"]
[Site "Mayrhofen"]
[Date "2022.10.05"]
[Round "3.18"]
[White "Klek, Hanna Marie"]
[Black "Houska, Jovanka"]
[Result "1/2-1/2"]
[ECO "B12"]
[WhiteElo "2301"]
[BlackElo "2354"]
[Annotator "TA"]
[PlyCount "60"]
[EventDate "2022.10.03"]
[EventType "team-tourn"]
[EventCountry "AUT"]
[SourceTitle "playchess.com"]
[Source "ChessBase"]
[SourceQuality "1"]
[TimeControl "40/5400+30:1800+30"]

1. e4 c6 2. d4 d5 3. e5 Bf5 4. h4 h5 5. c4 e6 6. Nc3 dxc4 7. Bxc4 Nd7 8. Nge2 Be7 {[%emt 0:00:06] B12: Caro-Kann: Advance Variation.} 9. g3 b5 10. Bb3 b4 {[%emt 0:01:52] [#] White has an edge.} 11. Nb1 $146 ({Predecessor:} 11. Na4 Nh6 12. Bxh6 Rxh6 13. Nf4 c5 14. Nxh5 Kf8 15. Nf4 g5 16. Ng2 gxh4 17. Bc2 Bxc2 18. Qxc2 cxd4 {½-½ (31) Nestorovic,N (2467)-Jaferian,K (2179) Sitges 2021}) 11... c5 12. Ba4 ({Better is} 12. O-O $14) 12... Kf8 $15 13. O-O $1 Rc8 14. Be3 Nh6 {[%emt 0:05:06] aiming for ...Bh3.} (14... g5 {feels hotter.} 15. hxg5 Nb6 16. Bb3 Bxg5 17. Bxg5 Qxg5 18. dxc5 h4) 15. Nd2 Ng4 16. Nf3 (16. Rc1 $11) 16... Nb6 (16... Be4 {with more complications.} 17. Ng5 Bb7 18. Bf4 Nb6) 17. Bb3 Nxe3 18. fxe3 Nd5 19. Kf2 cxd4 (19... c4 $15 20. Bc2 Bh3) 20. exd4 (20. Nexd4 $11 Bh3 21. Rh1) 20... g5 (20... g6 $17) 21. hxg5 $11 Bxg5 22. Nxg5 Qxg5 23. Bxd5 exd5 24. Rc1 {[%emt 0:01:11] Prevents Rc2.} Kg7 (24... h4 $15 25. g4 Bxg4 26. Rxc8+ Bxc8) 25. Qb3 {[%emt 0:01:47][%csl LRb4,LRd5] The position is equal.} Be4 26. Qe3 $36 {[%emt 0:02:31][%mdl 2048] White fights for an advantage.} Qg6 27. Nf4 Qf5 28. Rxc8 Rxc8 29. Rc1 {[%emt 0:00:09] Hoping for Rxc8.} Rxc1 30. Qxc1 Qg4 {[%emt 0:00:45] Weighted Error Value: White=0.21 (precise) /Black=0.18 (very precise)} 1/2-1/2

[Event "26th Womens ECCC 2022"]
[Site "Mayrhofen"]
[Date "2022.10.05"]
[Round "3.19"]
[White "Arakhamia-Grant, Ketevan"]
[Black "Navrotescu, Andreea"]
[Result "1-0"]
[ECO "C11"]
[WhiteElo "2333"]
[BlackElo "2287"]
[Annotator "TA"]
[PlyCount "81"]
[EventDate "2022.10.03"]
[EventType "team-tourn"]
[EventCountry "AUT"]
[SourceTitle "playchess.com"]
[Source "ChessBase"]
[SourceQuality "1"]
[TimeControl "40/5400+30:1800+30"]

1. e4 e6 2. d4 d5 3. Nc3 Nf6 4. e5 Nfd7 5. f4 c5 6. Nf3 Nc6 7. Be3 Be7 8. Qd2 O-O 9. dxc5 Qa5 {[%emt 0:00:12] C11: French: Classical System: 4 e5 and 4 Bg5 dxe4.} 10. Be2 {[%emt 0:09:43] Recently 10.a3 got a lot of attention.} Nxc5 11. O-O {[%emt 0:12:27] [#]} Rd8 $146 {[%emt 0:04:52][%cal Od5d4] Strongly threatening ...d4! White has an edge.} ({Predecessor:} 11... Na4 12. Nxa4 Qxa4 13. c3 Na5 14. Nd4 Nc4 15. Bxc4 Qxc4 16. f5 exf5 17. Nxf5 Bxf5 18. Rxf5 {0-1 (58) Krysa,L (2532)-Tikhonov,V (2260) Chess.com INT 2021}) 12. Nd4 Nxd4 13. Bxd4 Bd7 (13... Na4 $11 {keeps the balance.}) 14. Rad1 (14. f5 $16) 14... Qc7 (14... Na4 $14) 15. f5 $1 $16 {[%emt 0:07:55] And now f6 would win.} Bf8 16. f6 {[%emt 0:07:38] Black must now prevent fxg7.} g6 17. Qe3 Ne4 18. Nxe4 dxe4 19. c3 {[%emt 0:01:23] White is much more active.} Bc6 20. Qh3 Rd5 21. Rf4 $1 {[%emt 0:01:04] Hoping for Rh4.} Rxe5 {[%emt 0:00:35][%cal Oe5h5] [#]} 22. Rh4 {[%emt 0:01:29] Prevents Rh5.} h5 23. Qg3 {[%emt 0:05:27][%mdl 64] Against Rg5. Pin} Bd6 24. Bxe5 Bxe5 {[%emt 0:00:02] [#]} 25. Qg5 Bd5 $2 (25... Ba4) 26. Rf1 $18 Qb6+ 27. Kh1 {[%emt 0:00:04] Rxh5 would kill now.} Qxb2 28. Rxh5 Bxf6 29. Qxf6 gxh5 30. Qxf7+ Kh8 31. Qf6+ Kh7 32. Qf7+ Kh8 33. Qxh5+ Kg8 34. Qg6+ Kh8 35. Qh5+ Kg8 36. Qg4+ Kh8 37. Qh4+ Kg8 38. Qg3+ Kh8 39. Qe5+ Kg8 40. Qg3+ Kh8 41. Rf4 {[%emt 0:07:14] Weighted Error Value: White=0.62/Black=0.47} 1-0

[Event "26th Womens ECCC 2022"]
[Site "Mayrhofen"]
[Date "2022.10.05"]
[Round "3.20"]
[White "Thomas, Apolline"]
[Black "Toma, Katarzyna"]
[Result "1/2-1/2"]
[ECO "B24"]
[WhiteElo "1942"]
[BlackElo "2249"]
[Annotator "TA"]
[PlyCount "124"]
[EventDate "2022.10.03"]
[EventType "team-tourn"]
[EventCountry "AUT"]
[SourceTitle "playchess.com"]
[Source "ChessBase"]
[SourceQuality "1"]
[TimeControl "40/5400+30:1800+30"]

1. e4 c5 2. Nc3 Nc6 3. Bb5 Nd4 4. Bc4 a6 5. a4 e6 6. Nge2 {[%emt 0:00:46] B23: Closed Sicilian: Lines without g3.} Nf6 7. O-O Nxe4 8. Nxe4 {[%emt 0:00:19] [#] Strongly threatening Nxd4. White is slightly better.} d5 9. d3 dxc4 10. dxc4 Be7 {[%emt 0:00:19] Inhibits Bg5.} 11. Be3 e5 {[%emt 0:05:35] [#]} 12. f3 $146 (12. f4 $142) ({Predecessor:} 12. f4 Be6 13. b3 f5 14. N4c3 Qc7 15. Nd5 Bxd5 16. cxd5 O-O 17. fxe5 Qxe5 18. Bxd4 cxd4 {½-½ (30) Heberla,B (2447)-Makarov,M (2514) Pardubice 2005}) 12... O-O 13. N2c3 Be6 14. Nd5 $1 Bxd5 15. cxd5 Qxd5 {[%emt 0:03:21] White must now prevent ...f5.} 16. c3 Qb3 17. Bxd4 (17. Bf2 $5 ) 17... Qxd1 18. Raxd1 cxd4 19. cxd4 f5 20. Nf2 exd4 21. Rxd4 Rad8 22. Rxd8 Rxd8 $11 {[%emt 0:00:13][%mdl 4096] Endgame KRB-KRN} 23. Rd1 {[%emt 0:00:56] Inhibits Rd2.} Kf7 24. Rxd8 Bxd8 $15 {[%emt 0:00:02] KB-KN} 25. Kf1 Ke6 26. Ke2 $1 Kd5 27. Kd3 $1 Bc7 28. g3 h6 29. Nd1 Bb6 30. Nc3+ Kc5 31. b3 g6 32. g4 Bd8 33. Ne2 fxg4 34. fxg4 Bc7 35. h3 Kd5 36. Nd4 Ke5 37. Ne2 Bb6 38. b4 Bf2 39. b5 (39. Nc3 $1 $15) 39... axb5 40. axb5 b6 ({Black should play} 40... h5 $17) 41. Nc3 $11 Kf4 42. Nd5+ {[%emt 0:18:01] The position is equal.} Kg3 43. Ke4 Bc5 (43... Kxh3 $5 44. Kf3 $8 Bc5 $11) 44. Nf4 g5 45. Ne6 Bg1 46. Kf5 Kxh3 47. Nd8 Bc5 48. Nf7 Bf8 49. Ne5 Bg7 {[%emt 0:00:14] [#] ( -> ...Bxe5)} 50. Nf7 Kg3 51. Kg6 Bf8 52. Ne5 Bd6 53. Nf7 Bf8 54. Ne5 Bb4 55. Kxh6 Bc3 56. Nd7 Kxg4 {[%emt 0:00:11] Hoping for ...Bd4.} 57. Nxb6 Kh4 58. Nd5 Bd4 59. b6 g4 60. b7 Ba7 61. Ne7 Kh3 62. Nf5 g3 {[%emt 0:00:48] Weighted Error Value: White=0.06 (flawless) /Black=0.06 (flawless)} 1/2-1/2

[Event "26th Womens ECCC 2022"]
[Site "Mayrhofen"]
[Date "2022.10.05"]
[Round "3.21"]
[White "Mayrhuber, Nikola"]
[Black "Eric, Jovana"]
[Result "1-0"]
[ECO "A21"]
[WhiteElo "2117"]
[BlackElo "2252"]
[Annotator "TA"]
[PlyCount "63"]
[EventDate "2022.10.03"]
[EventType "team-tourn"]
[EventCountry "AUT"]
[SourceTitle "playchess.com"]
[Source "ChessBase"]
[SourceQuality "1"]
[TimeControl "40/5400+30:1800+30"]

1. c4 e5 2. Nc3 Bb4 3. Qc2 Nf6 4. e3 O-O 5. a3 Bxc3 6. Qxc3 {[%emt 0:00:05] A21: English Opening: 1...e5 2 Nc3.} Nc6 7. Nf3 Re8 8. d3 {[%emt 0:07:27] The position is equal.} d6 9. Be2 a5 10. b3 {[%emt 0:04:05] [#]} e4 $146 ({Predecessor:} 10... h6 11. O-O Bg4 12. Bb2 Qe7 13. Rfe1 Nd8 14. b4 a4 15. Rac1 b6 16. h3 Bh5 {½-½ (41) Iruzubieta Villaluenga,J (2412)-Ruiz Gomez,A (2409) Mondragon 2013}) 11. Nd2 exd3 12. Bxd3 Ne5 13. Bb2 Bg4 (13... Nxd3+ $11 14. Qxd3 Nd7) 14. O-O (14. Bb1 $14 {was preferrable.}) 14... Qd7 (14... Nxd3 $11 15. Qxd3 Bc8) 15. f3 ({White should play} 15. Bc2 $1 $16) 15... Bf5 16. e4 Bg6 ({Black should try} 16... Nxd3 $14 17. Qxd3 Bg6) 17. Rae1 (17. Bc2 $1 $16) 17... Qc6 ({Better is} 17... Nxd3 $14 18. Qxd3 Qe6) 18. Bb1 Qb6+ {[%emt 0:04:07] [#]} 19. Kh1 $1 Re7 {[%emt 0:18:28] [#]} (19... Ned7 $16 20. f4 a4) 20. f4 $1 $18 Neg4 (20... Ned7 $142 21. f5 Bh5) 21. Qg3 h5 (21... Rd8 $142 22. h3 Ne5 23. fxe5 dxe5) 22. h3 {[%emt 0:01:57] White is clearly winning.} Rae8 (22... h4 $142 23. Qxh4 Ne5) 23. hxg4 Nxg4 24. f5 Bh7 25. Rf4 f6 26. Qh4 Ne3 (26... Ne5 $142 27. Rff1 Rd8) 27. Qxh5 {[%emt 0:01:55] Strongly threatening Rh4.} Nxf5 28. Rxf5 Bxf5 29. Qxf5 {[%emt 0:00:27][%cal Oe4e5] Hoping for e5!} c6 30. e5 {[%emt 0:03:21] White wants to mate with Qh7+.} dxe5 31. Qh7+ Kf8 32. Bg6 {[%emt 0:00:33] Weighted Error Value: White=0.28 (precise) /Black=0.64} 1-0

[Event "26th Womens ECCC 2022"]
[Site "Mayrhofen"]
[Date "2022.10.05"]
[Round "3.22"]
[White "Blagojevic, Tijana"]
[Black "Schnegg, Anna-Lena"]
[Result "1/2-1/2"]
[ECO "C26"]
[WhiteElo "2266"]
[BlackElo "2154"]
[Annotator "TA"]
[PlyCount "114"]
[EventDate "2022.10.03"]
[EventType "team-tourn"]
[EventCountry "AUT"]
[SourceTitle "playchess.com"]
[Source "ChessBase"]
[SourceQuality "1"]
[TimeControl "40/5400+30:1800+30"]

1. e4 e5 2. Nc3 Nf6 3. d4 exd4 4. Qxd4 Nc6 5. Qd3 d6 (5... Bc5 $11) 6. Bf4 {[%emt 0:05:13] C26: Vienna Game: 2...Nf6, sidelines .} Be6 {[%emt 0:04:07] [#]} 7. O-O-O $146 ({Predecessor:} 7. f3 a6 8. Qd2 Ne5 9. O-O-O Qd7 10. Bxe5 dxe5 11. Qg5 Qc6 12. Qxe5 Nd7 13. Qd4 {1-0 (52) Koutsouraki,A (1463)-Vakali,A (1344) Trikala 2021}) 7... Qd7 8. Qd2 {[%emt 0:14:15] White is slightly better.} a6 9. f3 Be7 10. Nge2 O-O-O 11. Nd5 Kb8 12. Be3 {[%emt 0:03:45] White is more active.} Ne5 13. Nef4 ({But not} 13. Qd4 $6 c5 14. Qc3 Nxd5 15. exd5 Bf5 $11) 13... Bxd5 14. Nxd5 Nxd5 15. exd5 (15. Qxd5 $14 {should be considered.} Qe6 16. Be2) 15... Qa4 $11 16. Kb1 Bf6 17. Qd4 Qxd4 18. Bxd4 Rhe8 19. c3 Rd7 20. Kc2 Rde7 21. a4 Nd7 22. Bf2 Nc5 23. a5 Bg5 {[%emt 0:02:36][%cal Oe7e2] aiming for ...Re2+!} 24. Bd4 f5 ({Better is} 24... Nd7 $1 $11) 25. b4 $1 $14 Nd7 26. b5 Be3 (26... axb5 $14 27. Bxb5 Bf6) 27. bxa6 $16 Bxd4 28. cxd4 b6 29. axb6 Nxb6 30. Bb5 $1 Nxd5 (30... Rf8 $16 {might work better.}) 31. Bxe8 $18 Ne3+ {[%emt 0:00:14] [#]} 32. Kd2 (32. Kd3 $1 $18 {[%cal Oa6a7] Intending a7+! and mate.} Nxd1 33. Rxd1 Rxe8 34. Rb1+ Ka7 35. Rb7+ Kxa6 36. Rxc7) 32... Nxd1 $14 33. Rxd1 Rxe8 {[%emt 0:00:05][%mdl 4096] Endgame KR-KR} 34. Rb1+ Ka7 35. Rb7+ Kxa6 36. Rxc7 Rg8 (36... Kb5 $16) 37. Rc6+ Kb5 38. Rxd6 Ra8 {[%emt 0:00:29] [#]} 39. Rd5+ $2 (39. Ke3 $1 $18) 39... Kc4 40. Rxf5 {[%emt 0:00:07] And now Ke3 would win.} Kxd4 41. Rf4+ Ke5 42. Re4+ Kf5 43. Re2 (43. Ke1 $14) 43... Ra3 {[%emt 0:01:14] The position is equal.} 44. Ke1 g5 45. Rb2 h5 46. Kf2 h4 47. Rb5+ Kg6 48. Rb6+ Kf5 49. g4+ hxg3+ 50. Kxg3 Ra4 51. Rb5+ Kf6 52. Rb8 Kf5 53. Re8 Rb4 54. Re4 Rb2 55. Ra4 Rb3 56. h4 gxh4+ 57. Rxh4 Kg5 {[%emt 0:01:42] Weighted Error Value: White=0.16 (very precise) /Black=0.20 (precise)} 1/2-1/2

[Event "26th Womens ECCC 2022"]
[Site "Mayrhofen"]
[Date "2022.10.05"]
[Round "3.23"]
[White "Konecny, Sophie"]
[Black "Gajcin, Marina"]
[Result "0-1"]
[ECO "D97"]
[WhiteElo "1848"]
[BlackElo "2228"]
[Annotator "TA"]
[PlyCount "34"]
[EventDate "2022.10.03"]
[EventType "team-tourn"]
[EventCountry "AUT"]
[SourceTitle "playchess.com"]
[Source "ChessBase"]
[SourceQuality "1"]
[TimeControl "40/5400+30:1800+30"]

1. d4 Nf6 2. c4 g6 3. Nc3 d5 4. Nf3 Bg7 5. Qb3 dxc4 6. Qxc4 O-O 7. e4 Nc6 8. Be2 Bg4 9. Be3 Bxf3 10. gxf3 e5 11. d5 {[%emt 0:03:53] D98: Grünfeld: Russian System: 7 e4 Bg4 .} (11. dxe5 $11 Nxe5 12. Qb4) 11... Nd4 $1 $15 {[%emt 0:06:38] Strongly threatening ...Nc2+.} 12. Bxd4 exd4 13. Nb5 (13. Qxd4 $15 Nh5 14. Qd2) 13... c6 $17 14. dxc6 bxc6 {[%emt 0:00:53] [#]} 15. Qxc6 $146 {[%emt 0:02:54] [#]} (15. Nxd4 $17 {is tougher.} Nxe4 16. fxe4 Bxd4 17. O-O-O Qg5+ 18. Kb1) ({Predecessor:} 15. Nxd4 Nxe4 16. Rd1 Nxf2 17. Kxf2 Qh4+ 18. Kg2 Qg5+ 19. Kf1 c5 20. Nb3 Bxb2 21. h4 {1-0 (58) Vargas Maliqueo,I (1941)-Puebla Arredondo,C (2167) Quilpue 2022}) 15... d3 $19 {[%emt 0:03:50] Black is clearly winning.} 16. Bd1 (16. Rd1 $142 Qa5+ 17. Qc3 Qxb5 18. Qxd3 Qxb2 19. Qd2) 16... Rc8 17. Qd6 Qa5+ {[%emt 0:00:58] White did not feel at home in the position after the opening.  Weighted Error Value: White=1.39/Black=0.00 (flawless)} 0-1

[Event "26th Womens ECCC 2022"]
[Site "Mayrhofen"]
[Date "2022.10.05"]
[Round "3.24"]
[White "Zarkovic, Mila"]
[Black "Wu, Min"]
[Result "1-0"]
[ECO "C88"]
[WhiteElo "2219"]
[BlackElo "1934"]
[Annotator "TA"]
[PlyCount "57"]
[EventDate "2022.10.03"]
[EventType "team-tourn"]
[EventCountry "AUT"]
[SourceTitle "playchess.com"]
[Source "ChessBase"]
[SourceQuality "1"]
[TimeControl "40/5400+30:1800+30"]

1. e4 e5 2. Nf3 Nc6 3. Bb5 a6 4. Ba4 Nf6 5. O-O Be7 6. Re1 b5 7. Bb3 O-O 8. a4 {[%emt 0:02:30][%cal Ba2a4,Ba4b5,Bb5c6][%mdl 32] Hoping for axb5.} d5 {[%emt 0:01:34] C88: Closed Ruy Lopez: Anti-Marshall Systems.} 9. axb5 dxe4 10. bxc6 exf3 {[%emt 0:00:07] White is slightly better.} 11. Qxf3 e4 (11... Bg4 12. Qc3 $16) 12. Qe3 {[%emt 0:08:59] [#]} (12. Qe2 $16 {keeps the pressure on.}) 12... Ng4 $1 $17 13. Qxe4 Bc5 14. d4 $1 {[%emt 0:05:20] [#]} Bxd4 $146 (14... Qh4 $5 15. Be3 (15. dxc5 $2 Qxf2+ 16. Kh1 Qh4 $19) 15... Qxh2+ 16. Kf1 Bd6 $15) ({Predecessor:} 14... Qh4 15. Be3 Qxh2+ 16. Kf1 Bd6 17. Nc3 Qh5 18. Bf4 Nf6 19. Qe3 Qh1+ 20. Ke2 Qxg2 21. Bxd6 cxd6 {0-1 (62) Roseneck,J (2417)-Krastev,A (2340) Berlin 2020}) 15. Re2 Be3 {[%emt 0:44:09] [#]} 16. Nd2 $1 $36 {[%emt 0:08:40][%mdl 2048] White has strong initiative. Active counter play!} (16. Rxe3 Nxe3 17. Nc3 Re8 $15) 16... Qd6 17. Nf1 Qd1 $2 {[%emt 0:06:06][%mdl 8192] Black cannot hold the game after this.} (17... Bxc1 $16 {was necessary.} 18. Rxc1 Nf6) 18. Rxe3 $18 {[%emt 0:00:10] Chess con chili.} ({Not} 18. Bxe3 Qxe2 19. Bc4 Nf6 20. Qxh7+ (20. Bxe2 Nxe4 21. Bf4 Be6 $14) 20... Kxh7 $11) 18... Nxe3 19. Qxe3 ({Don't do} 19. fxe3 Be6 20. Bc4 Bxc4 21. Qxc4 Rfb8 $18) 19... Bg4 20. c4 Qd8 21. Qg5 Qb8 (21... Qxg5 $142 22. Bxg5 Rfb8) 22. Ra3 {[%emt 0:00:38] White is clearly winning.} Be2 23. Be3 Qb4 24. Bd2 {[%emt 0:00:27] Prevents Qe1.} Qd6 25. Bc3 f6 26. c5+ Kh8 27. cxd6 {[%emt 0:00:00] And now Qf5 would win.} fxg5 28. d7 Rf5 29. Ng3 {[%emt 0:00:10][%csl LRe2,LRf5] Weighted Error Value: White=0.34/Black=0.70} 1-0